 Dungeon Crawl Stone Soup version 0.28.0-56-g4927b6849a (webtiles) character file.

Game seed: 4446934331278547748

1226 jjjjhere the Martial Artist (level 8, -7/54 HPs)
             Began as a Demonspawn Brigand on Jan 23, 2023.
             Was a Follower of Hepliaklqana.
             Mangled by a boulder beetle (19 damage)
             ... on level 6 of the Dungeon.
             The game lasted 00:10:00 (5542 turns).

jjjjhere the Martial Artist (Demonspawn Brigand)    Turns: 5542, Time: 00:10:00

Health: -7/54      AC: 10    Str: 13    XL:     8   Next: 23%
Magic:  0/8        EV: 10    Int: 12    God:    Hepliaklqana [*.....]
Gold:   257        SH:  0    Dex: 22    Spells: 7/7 levels left

rFire   . . .      SeeInvis .     - Unarmed
rCold   . . .      Faith    .   (no shield)
rNeg    . . .      Spirit   +   n - +0 ring mail
rPois   .          Reflect  .   p - +1 hat
rElec   .          Harm     .   v - +0 cloak
rCorr   .          Rampage  .   (no gloves)
Will    .....                   w - +1 pair of boots
Stlth   ++........              e - amulet of guardian spirit
HPRegen 0.18/turn               b - +6 ring of dexterity
MPRegen 0.11/turn               (no ring)

@: no status effects
A: reduced essence, claws 2, spiny 1, sharp scales 1
a: Renounce Religion, Recall Ancestor, Ancestor Identity


You were on level 6 of the Dungeon.
You worshipped Hepliaklqana.
Hepliaklqana was aware of your devotion.
You visited 1 branch of the dungeon, and saw 6 of its levels.

You collected 287 gold pieces.
You spent 30 gold pieces at shops.

Inventory:

Hand Weapons
 a - a +2 dagger
 h - a +1 short sword of protection
Missiles
 d - 13 poisoned darts (quivered)
Armour
 n - a +0 ring mail (worn)
 p - a +1 hat (worn)
 v - a +0 cloak (worn)
 w - a +1 pair of boots (worn)
Jewellery
 b - a +6 ring of dexterity (left claw)
 e - an amulet of guardian spirit (around neck)
Wands
 y - a wand of paralysis (8)
 C - a wand of acid (5)
Scrolls
 c - a scroll of magic mapping {unknown}
 j - a scroll of enchant armour {unknown}
 l - a scroll of enchant weapon {unknown}
 m - a scroll of fog {unknown}
 o - 4 scrolls of teleportation
 q - a scroll of vulnerability {unknown}
 u - a scroll of amnesia {unknown}
 x - 2 scrolls of immolation {unknown}
Potions
 f - a potion of heal wounds
 i - 4 potions of curing
 k - a potion of resistance
 r - 2 potions of haste
 s - a potion of cancellation {unknown}
 t - 2 potions of degeneration {unknown}
 z - 3 potions of berserk rage {unknown}
 A - 2 potions of mutation {unknown}
 B - a potion of might {unknown}


   Skills:
 - Level 4.0 Fighting
 - Level 1.7 Short Blades
 - Level 1.7 Throwing
 - Level 0.8 Dodging
 - Level 3.6 Stealth
 * Level 8.4 Unarmed Combat


You had 7 spell levels left.
You didn't know any spells.
Your spell library contained the following spells:

 Spells                   Type           Power      Damage    Failure   Level
 Apportation              Tloc           0%         N/A       58%         1
 Foxfire                  Conj/Fire      0%         2x1d4     58%         1
 Conjure Flame            Conj/Fire      0%         6-21      91%         3
 Ignite Poison            Fire/Tmut/Pois 0%         N/A       91%         3
 Inner Flame              Hex/Fire       0%         N/A       91%         3
 Flame Wave               Conj/Fire      0%         2d4       100%        4
 Sticky Flame             Conj/Fire      0%         2d3       100%        4
 Alistair's Intoxication  Tmut/Pois      0%         N/A       100%        5


Dungeon Overview and Level Annotations

Branches:
Dungeon (6/15)
 Temple: D:4-7

Altars:
Ashenzari
Hepliaklqana
Kikubaaqudgha
Uskayaw
Vehumet
Wu Jian
Yredelemnul
The Shining One

Shops:
D:1 (   D:4 **

Annotations:
D:3 1 runed translucent door, Crazy Yiuf
D:5 3 runed translucent doors, GigaChad's ghost, novice MiFi; Grinder


Innate Abilities, Weirdness & Mutations

Your life essence is reduced to manifest your ancestor. (-10% HP)
You have very sharp fingernails.
You are partially covered in sharp spines.
You are partially covered in razor-sharp scales. (AC +1, Slay +1)


Message History

Teicuih hits the centaur.
The centaur hits you but does no damage.
The centaur kicks you but does no damage.
You claw the centaur!
The centaur is almost dead.
Teicuih hits the centaur.
The centaur dies!
Your Unarmed Combat skill increases to level 8!
A boulder beetle comes into view.
Items here: ( ) [ †.
You swap places.
Menkaure mumbles some strange words.
Menkaure seems to speed up.
You scratch Menkaure.
Menkaure is lightly damaged.
Menkaure is struck by your spines. Menkaure misses you.
Teicuih hits Menkaure but does no damage.
You claw Menkaure!
Menkaure is severely damaged.
Menkaure closely misses you.
Teicuih hits Menkaure.
You scratch Menkaure but do no damage.
Menkaure is almost destroyed.
Menkaure is struck by your spines. Menkaure hits you but does no damage.
Teicuih hits Menkaure.
Menkaure is destroyed!
The boulder beetle curls into a ball and begins rolling!
The boulder beetle hits you!!!
Ouch! That really hurt!
* * * LOW HITPOINT WARNING * * *
The boulder beetle stops rolling and uncurls.
Throw: dart (curare)
Press: ? - help, Q - select action, (/) - cycle Shift-Dir - straight line, f - boulder beetle
Aim: a boulder beetle (ally target, 91% to hit)
You throw a curare-tipped dart.
The curare-tipped dart hits the boulder beetle.
The boulder beetle is poisoned.
The boulder beetle convulses.
The boulder beetle seems to slow down.
The boulder beetle is lightly wounded.
The boulder beetle bites you!!
You die...

#..)(..#.#
#.)....#.######
###..P...#....#
#..P.###....####
#..P............
#..P...#........
#......#........
#......#........
##@B.###..........
#.R°##..........
#......###.....
#.P....# #.....
#.P....## .....
#.P.....###.##+##
#.P......#......#
#........#......#
#...............#


You could see the friendly Teicuih the ancestor and a boulder beetle (very
poisoned, slow, ally target).

Vanquished Creatures
  A black bear (D:6)
  2 necrophages
  3 ogres
  A bullfrog (D:6)
  A hound (D:6)
  2 jellies
  A centaur skeleton (D:5)
  Terence (D:2)
  4 iguanas
  2 hound zombies (D:5)
  A hound skeleton (D:4)
  5 adders
  A gnoll (D:4)
  A shadow imp (D:5)
  2 ufetubi (D:6)
  4 worms
  A dart slug (D:2)
  3 orcs
  9 ball pythons
  8 endoplasms
  6 giant cockroaches
  13 goblins
  6 hobgoblins
  8 kobolds
  5 quokkas
  5 bats
  5 frilled lizards
  3 rats
104 creatures vanquished.

Vanquished Creatures (collateral kills)
  Menkaure (D:6)
  A centaur (D:6)
2 creatures vanquished.

Vanquished Creatures (others)
  A plant (D:1)
1 creature vanquished.

Grand Total: 107 creatures vanquished

Notes
Turn   | Place    | Note
-------+----------+-------------------------------------------
     0 | D:1      | jjjjhere the Demonspawn Brigand began the quest for the
                  | Orb.
     0 | D:1      | Reached XP level 1. HP: 16/16 MP: 1/1
    23 | D:1      | Found Lagodoge's Weapon Shop.
   365 | D:1      | Gained mutation: You have sharp fingernails. [demonic
                  | ancestry]
   365 | D:1      | Reached XP level 2. HP: 21/23 MP: 2/2
   719 | D:1      | Reached skill level 1 in Unarmed Combat
   880 | D:1      | Found an ornate altar of the Wu Jian Council.
  1255 | D:2      | Gained mutation: You are partially covered in sharp spines.
                  | [demonic ancestry]
  1255 | D:2      | Reached XP level 3. HP: 16/29 MP: 3/3
  1510 | D:2      | Found a basalt altar of Yredelemnul.
  1639 | D:2      | Identified the +1 robe of the Blizzard {rPois Stlth+}
  1809 | D:2      | Noticed Terence
  1817 | D:2      | Killed Terence
  1818 | D:2      | Reached skill level 2 in Unarmed Combat
  1818 | D:2      | Gained mutation: You have very sharp fingernails. [demonic
                  | ancestry]
  1818 | D:2      | Reached XP level 4. HP: 25/35 MP: 4/4
  2391 | D:3      | Found an ancient bone altar of Kikubaaqudgha.
  2548 | D:3      | Found a broken altar of Ashenzari.
  2640 | D:3      | Found a runed translucent door.
  2641 | D:3      | Noticed Crazy Yiuf
  3122 | D:3      | Found a faded altar of an unknown god.
  3525 | D:4      | Found a hazy altar of Hepliaklqana.
  3538 | D:4      | Became a worshipper of Hepliaklqana the Forgotten
  3624 | D:4      | Found Cysku's Commerce Corner.
  3647 | D:4      | Reached skill level 3 in Unarmed Combat
  3647 | D:4      | Gained mutation: You are partially covered in razor-sharp
                  | scales. (AC +1, Slay +1) [demonic ancestry]
  3647 | D:4      | Reached XP level 5. HP: 37/42 MP: 5/5
  3872 | D:4      | Found Natema Suon's Serpentskin Sales.
  3919 | D:4      | Bought a potion of curing for 30 gold pieces
  3984 | D:4      | Noticed an ogre
  4012 | D:4      | Killed an ogre
  4013 | D:4      | Reached skill level 4 in Unarmed Combat
  4013 | D:4      | Reached XP level 6. HP: 47/48 MP: 6/6
  4081 | D:4      | Reached skill level 5 in Unarmed Combat
  4304 | D:5      | Entered Level 5 of the Dungeon
  4328 | D:5      | Found a runed translucent gate.
  4328 | D:5      | Found a runed translucent gate.
  4328 | D:5      | Found a runed translucent gate.
  4328 | D:5      | Noticed GigaChad's ghost (novice MiFi)
  4572 | D:5      | Noticed Grinder
  4602 | D:5      | Reached XP level 7. HP: 54/54 MP: 5/7
  4687 | D:5      | Found a radiant altar of Vehumet.
  4708 | D:5      | Reached skill level 6 in Unarmed Combat
  4897 | D:5      | Reached * piety under Hepliaklqana
  5370 | D:6      | Reached skill level 7 in Unarmed Combat
  5444 | D:6      | Found a hide-covered altar of Uskayaw.
  5462 | D:6      | Reached XP level 8. HP: 53/54 MP: 5/8
  5518 | D:6      | Noticed Menkaure
  5521 | D:6      | Reached skill level 8 in Unarmed Combat
  5521 | D:6      | Noticed a boulder beetle
  5525 | D:6      | Killed Menkaure
  5541 | D:6      | HP: 12/54 [boulder beetle (37)]
  5542 | D:6      | Mangled by a boulder beetle

Illustrated notes

Levels and vault maps discovered:
D:1:      matt_arrival_diagonals, layout_basic, serial_shops, shop,
          grunt_decor_resistance, kennysheep_flooded_box, serial_bayou_ford_a,
          minmay_cupped
D:2:      minmay_spotlight, layout_loops_ring, basic_altar,
          hangedman_feature_mirror, serial_park_tiny_2, uniq_terence
D:3:      layout_basic, nicolae_kikubaaqudgha_miasma_corner, old_standard_altar,
          lemuel_tele_altar, hellmonk_ecumenical_altar_prayer_group,
          uniq_crazy_yiuf_cottage
D:4:      layout_rooms, mainiacjoe_overflow_catwalk, st_stairs_9,
          minmay_misc_feat_hallway, nicolae_alphabet_shops, guppyfry_shop_venom
D:5:      layout_loops_ring, kennysheep_mini, gammafunk_ghost_split,
          uniq_grinder
D:6:      layout_basic, kennysheep_mini_moat, mainiacjoe_overflow_boulevard,
          uniq_menkaure

Skill      XL: |  1  2  3  4  5  6  7  8 |
---------------+-------------------------+-----
Fighting       | 3 4 |  4.0
Unarmed Combat | 1 2 3 4 5 7 8 |  8.4
Short Blades   | |  1.7
Throwing       | |  1.7
Dodging        | |  0.8
Stealth        | |  3.6

Action                   |  1- 3 |  4- 6 |  7- 9 || total
-------------------------+-------+-------+-------++-------
Melee: Dagger            |    16 |       |       ||    16
       Short sword       |    56 |   126 |       ||   182
       Punch             |     1 |     6 |     3 ||    10
       Unarmed           |       |    14 |    36 ||    50
Throw: Dart              |     9 |    27 |     8 ||    44
Invok: Recall Ancestor   |       |       |     1 ||     1
Evoke: Wand              |       |     2 |     4 ||     6
  Use: Scroll            |       |       |     4 ||     4
 Stab: Sleeping          |     4 |     3 |     1 ||     8
       Distracted        |       |     1 |       ||     1
Armor: Robe              |    13 |       |       ||    13
       Ring mail         |     9 |    46 |    28 ||    83
Dodge: Dodged            |    44 |    52 |    18 ||   114
